 Dungeon Crawl Stone Soup version 0.20-a0-471-g521e6c5 (webtiles) character file.

75 Infinimo the Slasher (level 4, -12/35 HPs)
             Began as a Barachian Fighter on Jan 14, 2017.
             Killed by nerve-wracking pain
             ... invoked by an orc priest
              (14 damage)
             ... on level 3 of the Dungeon.
             The game lasted 00:04:23 (2061 turns).

Infinimo the Slasher (Barachian Fighter)            Turns: 2061, Time: 00:04:24

Health: -12/35     AC:  6    Str: 15    XL:     4   Next: 31%
Magic:  4/4        EV:  6    Int:  6    God:
Gold:   63         SH:  8    Dex: 10    Spells: 3/3 levels left

rFire  . . .     SeeInvis .     a - +1 long sword
rCold  . . .     Gourm    .     b - +0 scale mail
rNeg   . . .     Faith    .     c - +0 shield
rPois  .         Spirit   .     (no helmet)
rElec  .         Reflect  .     (no cloak)
rCorr  .         Harm     .     (no gloves)
MR     .....                    (no boots)
Stlth  ..........               g - amulet of rage
                                (no ring)
                                (no ring)

@: can't hop, slow
A: swims, claws 1, sense surroundings 1, slowness 1, strong legs 1
a: Hop, Evoke Berserk Rage


You were on level 3 of the Dungeon.
You were hungry.

You visited 1 branch of the dungeon, and saw 3 of its levels.

You collected 63 gold pieces.

Inventory:

Hand Weapons
 a - a +1 long sword (weapon)
Armour
 b - a +0 scale mail (worn)
 c - a +0 shield (worn)
Jewellery
 g - an amulet of rage (around neck)
Scrolls
 h - a scroll of amnesia
 m - 2 scrolls of enchant weapon
 n - a scroll of identify
Potions
 d - a potion of might
 e - a potion of magic
 i - a potion of degeneration {unknown}
 j - a potion of curing {unknown}
 k - a potion of cure mutation {unknown}
Comestibles
 f - 2 bread rations
 l - a beef jerky
 p - 2 meat rations


   Skills:
 - Level 3.2 Fighting
 + Level 4.9 Long Blades
 - Level 3.2 Armour
 - Level 3.0 Shields


You had 3 spell levels left.
You didn't know any spells.

Dungeon Overview and Level Annotations

Branches:
Dungeon (3/15)

Altars:
Trog


Innate Abilities, Weirdness & Mutations

You can swim through water.
You cover ground slowly.
You can hop short distances.
You have sharp fingernails.
You passively map a small area around you.


Message History

The orc priest is lightly wounded.
You riposte.
The orc priest is heavily wounded.
Your scale mail prevents you from hitting the orc priest.
The orc priest is heavily wounded.
The orc priest is heavily wounded.
The orc priest invokes the aid of Beogh against you.
Beogh smites you!
You are too injured to fight recklessly!
You are too injured to fight recklessly!
Hop to where?
Press: ? - help, Dir - move target cursor Boing!
You are feeling hungry.
The orc priest invokes the aid of Beogh against you.
Pain shoots through your body!
* * * LOW HITPOINT WARNING * * *
The orc priest calls down the wrath of Beogh upon you.
Pain shoots through your body!
You die...

###...#####...## #. ,
#............## #.
#.##.###.##..# # #
#.# ##>.# #*##. #.#
##..## #.... #
#..)..##...###.###
#.##.##...^..........
#........##...#*#.#..
* #@######o.# #..).
#....o.o..# ###.<
#########.# ### #.#
#.# * ###o######
#.ooo....#*,
#.#.####.# * * #.#.#
* **


You could see an orc priest and an orc.

Vanquished Creatures
  2 adders
  A worm (D:2)
  2 dart slugs
  A leopard gecko (D:2)
  An orc (D:3)
  2 ball pythons (D:1)
  8 bats
  A giant cockroach (D:2)
  2 goblins
  8 hobgoblins
  3 jackals (D:1)
  5 frilled lizards (D:1)
  7 kobolds
  6 rats
49 creatures vanquished.

Notes
Turn   | Place    | Note
-------+----------+-------------------------------------------
     0 | D:1      | Infinimo the Barachian Fighter began the quest for the Orb.
     0 | D:1      | Reached XP level 1. HP: 18/18 MP: 1/1
   217 | D:1      | Reached skill level 3 in Long Blades
   217 | D:1      | Reached XP level 2. HP: 14/24 MP: 2/2
   769 | D:1      | Reached XP level 3. HP: 29/29 MP: 3/3
  1146 | D:2      | Reached skill level 4 in Long Blades
  1436 | D:2      | Found a bloodstained altar of Trog.
  1776 | D:2      | Reached XP level 4. HP: 33/35 MP: 4/4
  1929 | D:2      | Gained mutation: You passively map a small area around you. [potion of beneficial mutation]
  1930 | D:2      | Gained mutation: You have sharp fingernails. [potion of beneficial mutation]
  2061 | D:3      | Killed from afar by an orc priest

Vault maps used:
D:1:      mrwooster_arrival_statue_2
D:2:      lemuel_doored_altar
D:3:      uniq_natasha, uniq_jessica

Skill      XL: |  1  2  3 |
---------------+----------+-----
Long Blades    | 3 4 |  4.9
Fighting       | |  3.2
Armour         | |  3.2
Shields        | |  3.0

Action                   |  1- 3 |  4- 6 || total
-------------------------+-------+-------++-------
Melee: Long sword        |   164 |    39 ||   203
 Abil: Hop               |     1 |     1 ||     2
  Use: Scroll            |     4 |     3 ||     7
       Potion            |       |     2 ||     2
  Eat: Bread ration      |     1 |       ||     1
Armor: Scale mail        |    72 |    22 ||    94
Dodge: Dodged            |    49 |     6 ||    55
Block: Shield            |    78 |    18 ||    96
       Rpst.: Long sword |    18 |     2 ||    20
